[Event "56th Rubinstein Memorial C 2020"]
[Site "Polanica Zdroj"]
[Date "2020.08.19"]
[Round "5.11"]
[White "Maslo, Slawomir"]
[Black "Borowski, Przemyslaw"]
[Result "0-1"]
[ECO "A58"]
[WhiteElo "1740"]
[BlackElo "1790"]
[Annotator "NA RC"]
[PlyCount "88"]
[EventDate "2020.08.15"]
[EventType "swiss"]
[EventCountry "POL"]
[SourceTitle "playchess.com"]
[Source "ChessBase"]
[SourceQuality "1"]
[TimeControl "40/5400+30:1800+30"]

1. d4 c5 2. d5 Nf6 3. c4 b5 4. cxb5 a6 5. bxa6 g6 6. a7 Rxa7 7. Nc3 Ba6 8. e4 Bxf1 9. Kxf1 d6 10. g3 Bg7 11. Kg2 O-O 12. Nf3 Qb6 13. Re1 Na6 14. a4 Nb4 15. Nb5 Rb7 16. Nd2 Qa6 17. Ra3 Ne8 18. Nb1 Nc7 19. N1c3 Nxb5 20. Nxb5 c4 21. Re2 Nd3 22. Rc2 Rxb5 23. axb5 Qxb5 24. Qd2 f5 25. Ra5 Qb6 26. f4 Qd4 27. Qe2 g5 28. Ra4 gxf4 29. gxf4 fxe4 30. Be3 Qxd5 31. Raxc4 Rxf4 32. Kh1 Rf8 33. Rc8 Qe6 34. Rxf8+ Kxf8 35. Qh5 Qg6 36. Rc8+ Kf7 37. Qd5+ Qe6 38. Qh5+ Qg6 39. Qh4 Qf5 40. Kg1 Qxc8 41. Qxe4 Nxb2 42. Qxh7 Qg4+ 43. Kf1 Qf3+ 44. Bf2 Nd1 0-1

[Event "56th Rubinstein Memorial C 2020"]
[Site "Polanica Zdroj"]
[Date "2020.08.19"]
[Round "5.12"]
[White "Raczek, Krzysztof"]
[Black "Lambrecht, Tomasz"]
[Result "1/2-1/2"]
[ECO "B13"]
[WhiteElo "1712"]
[BlackElo "1750"]
[Annotator "NA"]
[PlyCount "66"]
[EventDate "2020.08.15"]
[EventType "swiss"]
[EventCountry "POL"]
[SourceTitle "playchess.com"]
[Source "ChessBase"]
[SourceQuality "1"]
[TimeControl "40/5400+30:1800+30"]

1. e4 c6 2. d4 d5 3. exd5 cxd5 4. Bd3 Nc6 5. c3 Nf6 6. h3 g6 7. Nf3 Bg7 8. O-O Qc7 9. Re1 Bf5 10. Bxf5 gxf5 11. Nh4 e6 12. Nxf5 Bf8 13. Qf3 Ne4 14. Ng3 f5 15. Qh5+ Kd7 16. Nd2 Be7 17. Ngxe4 fxe4 18. Qe2 Rhg8 19. f3 Rg6 20. fxe4 Rag8 21. e5 Bh4 22. Rf1 Rxg2+ 23. Qxg2 Rxg2+ 24. Kxg2 Qd8 25. Rf4 Bg5 26. Rg4 h5 27. Rg3 Bh4 28. Rg7+ Ne7 29. Nf3 Qh8 30. Rxe7+ Bxe7 31. Be3 Qh7 32. Rf1 h4 33. Nh2 Qe4+ 1/2-1/2

[Event "56th Rubinstein Memorial C 2020"]
[Site "Polanica Zdroj"]
[Date "2020.08.19"]
[Round "5.13"]
[White "Wolak, Julia"]
[Black "Raclawicki, Kacper"]
[Result "0-1"]
[ECO "B40"]
[WhiteElo "1516"]
[BlackElo "1879"]
[Annotator "NA"]
[PlyCount "80"]
[EventDate "2020.08.15"]
[EventType "swiss"]
[EventCountry "POL"]
[SourceTitle "playchess.com"]
[Source "ChessBase"]
[SourceQuality "1"]
[TimeControl "40/5400+30:1800+30"]

1. e4 c5 2. Nf3 e6 3. d3 Nc6 4. Nbd2 g6 5. g3 Bg7 6. Bg2 Nge7 7. O-O O-O 8. Re1 d6 9. c3 Rb8 10. Nf1 b5 11. Be3 b4 12. Qd2 Qa5 13. d4 bxc3 14. bxc3 Ba6 15. Rec1 $15 Rfd8 16. Rc2 Qa3 17. c4 Na5 18. Rac1 Nec6 19. Rc3 Qa4 20. Qd3 Nb4 21. Qd1 Qxd1 22. Rxd1 Nxc4 23. a3 Nc6 24. Rcc1 Nb2 25. Rd2 c4 26. d5 c3 27. Rdc2 Ne5 28. Nd4 Nbd3 29. Ra1 Rdc8 30. dxe6 fxe6 31. Nxe6 Rb2 32. Nd4 Ng4 33. Bc1 Bxd4 34. Bxb2 cxb2 35. Rxc8+ Bxc8 36. Rb1 Ngxf2 37. Bf3 Nd1+ 38. Kg2 Nc3 39. Nd2 Nxb1 40. Nxb1 Ne1+ 0-1

[Event "56th Rubinstein Memorial C 2020"]
[Site "Polanica Zdroj"]
[Date "2020.08.19"]
[Round "5.14"]
[White "Trusz, Julia"]
[Black "Mocny, Tomasz"]
[Result "1-0"]
[ECO "D11"]
[WhiteElo "1645"]
[BlackElo "1802"]
[Annotator "NA"]
[PlyCount "77"]
[EventDate "2020.08.15"]
[EventType "swiss"]
[EventCountry "POL"]
[SourceTitle "playchess.com"]
[Source "ChessBase"]
[SourceQuality "1"]
[TimeControl "40/5400+30:1800+30"]

1. d4 d5 2. c4 c6 3. Nf3 Nf6 4. Qc2 a6 5. g3 b5 6. c5 Bg4 7. Nbd2 Nbd7 8. Bg2 Qc7 9. O-O e5 10. dxe5 Nxe5 11. Nxe5 Qxe5 12. Nf3 Qe4 13. Qxe4+ Nxe4 14. Ne5 Bf5 15. Be3 Rc8 16. Rac1 f6 17. Nf3 Bg4 18. Rfe1 Kf7 19. Nd4 Bd7 20. Nb3 Ng5 21. Bxg5 fxg5 22. e4 dxe4 23. Bxe4 Be7 24. Nd4 g6 25. b4 Bf6 26. Rcd1 Rhd8 27. Ne2 a5 28. bxa5 Be8 29. Bc2 Ra8 30. Rxd8 Bxd8 31. Nd4 Bxa5 32. Bb3+ Kf8 33. Ne6+ Ke7 34. Re3 Kf6 35. Rf3+ Ke7 36. Nxg5 h6 37. Re3+ Kf6 38. Nh7+ Kf5 39. Be6# 1-0

[Event "56th Rubinstein Memorial C 2020"]
[Site "Polanica Zdroj"]
[Date "2020.08.19"]
[Round "5.15"]
[White "Vanduyfhuys, Igor"]
[Black "Siekanska, Zuzanna"]
[Result "0-1"]
[ECO "B83"]
[WhiteElo "1776"]
[BlackElo "1680"]
[Annotator "NA"]
[PlyCount "56"]
[EventDate "2020.08.15"]
[EventType "swiss"]
[EventCountry "POL"]
[SourceTitle "playchess.com"]
[Source "ChessBase"]
[SourceQuality "1"]
[TimeControl "40/5400+30:1800+30"]

1. e4 c5 2. Nf3 e6 3. d4 cxd4 4. Nxd4 Nf6 5. Nc3 d6 6. Be2 Be7 7. O-O Nc6 8. Be3 O-O 9. Kh1 e5 10. Nb3 Be6 11. f4 exf4 12. Bxf4 d5 13. exd5 Nxd5 14. Nxd5 Qxd5 15. Qe1 Rad8 16. Bf3 Qc4 17. Be4 Rfe8 18. Nd2 Qb4 19. c3 Qxb2 20. Rb1 Qxc3 21. Rxb7 Bd5 22. Bxd5 Rxd5 23. Rc7 Rdd8 24. Qe4 Rc8 25. Nb1 Qf6 26. Rb7 Bd6 27. Qc4 Bxf4 28. Nd2 Na5 0-1

[Event "56th Rubinstein Memorial C 2020"]
[Site "Polanica Zdroj"]
[Date "2020.08.19"]
[Round "5.16"]
[White "Ciechonski, Piotr"]
[Black "Kieca, Aleksandra"]
[Result "1/2-1/2"]
[ECO "B23"]
[WhiteElo "1774"]
[BlackElo "1594"]
[Annotator "NA RC"]
[PlyCount "238"]
[EventDate "2020.08.15"]
[EventType "swiss"]
[EventCountry "POL"]
[SourceTitle "playchess.com"]
[Source "ChessBase"]
[SourceQuality "1"]
[TimeControl "40/5400+30:1800+30"]

1. e4 c5 2. Nc3 e6 3. f4 d5 4. d3 Nc6 5. Nf3 dxe4 6. Nxe4 Be7 7. g3 Nf6 8. Bg2 O-O 9. O-O Qb6 10. Nf2 Nd5 11. a3 Bf6 12. c4 Nde7 13. Ne4 Bd4+ 14. Nxd4 Nxd4 15. b4 cxb4 16. axb4 Ndc6+ 17. Nf2 Nxb4 18. Qb3 Bd7 19. Ba3 a5 20. Kh1 Nec6 21. Rab1 Rfd8 22. Bb2 Nd4 23. Qc3 Bc6 24. h4 Bxg2+ 25. Kxg2 Nbc2 26. Kh3 Qb4 27. Rfc1 Qxc3 28. Bxc3 a4 29. Rb2 a3 30. Rbxc2 Nxc2 31. Rxc2 a2 32. Ba1 Rd6 33. Rb2 b6 34. Kg4 Kf8 35. Kf3 Ke8 36. Ke3 f6 37. Ne4 Rc6 38. Nc3 Rc7 39. Rxb6 Kd7 40. g4 Rc6 41. Rb3 Rc7 42. Kd2 Kc6 43. Kc2 g5 44. fxg5 fxg5 45. hxg5 Rf7 46. Ne2 Rf2 47. Kd2 Ra7 48. Rb2 Rf1 49. Nc1 Rg1 50. Kc2 Rxg4 51. Rb5 Rg2+ 52. Kc3 Rg1 53. Nb3 Rb1 54. Kc2 Rh1 55. Rc5+ Kd6 56. Be5+ Kd7 57. Rb5 Rf1 58. Rb6 Rf2+ 59. Kd1 Rf1+ 60. Ke2 Rb1 61. Nc5+ Ke7 62. Rxe6+ Kf7 63. Rf6+ Ke8 64. Re6+ Kf7 65. Rh6 Ke8 66. Ne4 Re7 67. Bd4 a1=Q 68. Bxa1 Rxa1 69. Rxh7 Rxh7 70. Nf6+ Kf7 71. Nxh7 Kg6 72. Nf6 Kxg5 73. Nd5 Kf5 74. Ke3 Ke5 75. d4+ Kd6 76. Ke4 Re1+ 77. Ne3 Rc1 78. Kd3 Kc6 79. Nc2 Rd1+ 80. Kc3 Rc1 81. Kb2 Rh1 82. Nb4+ Kb6 83. Kc3 Rc1+ 84. Nc2 Kc6 85. Kd2 Rh1 86. Nb4+ Kb6 87. Nd5+ Kc6 88. Ne7+ Kd6 89. Nf5+ Kc6 90. Kd3 Rd1+ 91. Ke4 Re1+ 92. Ne3 Rc1 93. Ng4 Re1+ 94. Kf5 Rf1+ 95. Ke6 Re1+ 96. Ne5+ Kc7 97. c5 Rc1 98. Kd5 Rh1 99. Nf7 Rh4 100. Nd6 Rh5+ 101. Kc4 Kc6 102. Nf7 Rh4 103. Nd8+ Kd7 104. Nb7 Rg4 105. Na5 Kc7 106. Nb3 Rh4 107. Nc1 Kc6 108. Nd3 Kc7 109. Kd5 Rh6 110. Ne5 Rh1 111. c6 Rc1 112. Ke6 Rh1 113. d5 Rh6+ 114. Ke7 Rd6 115. Kf7 Rxd5 116. Ke6 Rd1 117. Ke7 Re1 118. Ke6 Rxe5+ 119. Kxe5 Kxc6 1/2-1/2

[Event "56th Rubinstein Memorial C 2020"]
[Site "Polanica Zdroj"]
[Date "2020.08.20"]
[Round "6.1"]
[White "Podgorski, Maciej"]
[Black "Komendecki, Jacek"]
[Result "1-0"]
[ECO "B27"]
[WhiteElo "1810"]
[BlackElo "2024"]
[Annotator "NA"]
[PlyCount "37"]
[EventDate "2020.08.15"]
[EventType "swiss"]
[EventCountry "POL"]
[SourceTitle "playchess.com"]
[Source "ChessBase"]
[SourceQuality "1"]
[TimeControl "40/5400+30:1800+30"]

1. e4 c5 2. Nf3 g6 3. d4 cxd4 4. Nxd4 Nf6 5. Nc3 Nc6 6. Nxc6 bxc6 7. e5 Nh5 8. Bc4 Qa5 9. O-O Qxe5 10. Re1 Qc5 11. Ne4 Qb6 12. Nd6+ Kd8 13. Nxf7+ Ke8 14. Nxh8 d5 15. Bxd5 cxd5 16. Qxd5 Bb7 17. Qf7+ Kd7 18. Rd1+ Kc7 19. Bf4+ 1-0

[Event "56th Rubinstein Memorial C 2020"]
[Site "Polanica Zdroj"]
[Date "2020.08.20"]
[Round "6.3"]
[White "Budnik, Mateusz"]
[Black "Komendecki, Antoni"]
[Result "1/2-1/2"]
[ECO "A04"]
[WhiteElo "2033"]
[BlackElo "1631"]
[Annotator "NA"]
[PlyCount "76"]
[EventDate "2020.08.15"]
[EventType "swiss"]
[EventCountry "POL"]
[SourceTitle "playchess.com"]
[Source "ChessBase"]
[SourceQuality "1"]
[TimeControl "40/5400+30:1800+30"]

1. Nf3 c5 2. b3 g6 3. Bb2 Nf6 4. e3 Bg7 5. Be2 O-O 6. O-O d5 7. d4 cxd4 8. exd4 Nc6 9. Ne5 Nxe5 10. dxe5 Nd7 11. f4 e6 12. Na3 f6 13. exf6 Nxf6 14. Bf3 Bd7 15. c4 Bc6 16. Qe2 Qb6+ 17. Kh1 Rae8 18. Rae1 Ne4 19. Bxe4 dxe4 20. Bxg7 Kxg7 21. Nb1 e5 22. fxe5 Rxf1+ 23. Rxf1 Rxe5 24. Qb2 Qc7 25. Nc3 Kg8 26. Nd5 Bxd5 27. cxd5 Rxd5 28. Qf6 Rf5 29. Rxf5 gxf5 30. h3 Qc1+ 31. Kh2 Qf4+ 32. Kg1 Qc1+ 33. Kh2 Qc7+ 34. Kh1 Qf7 35. Qg5+ Qg6 36. Qd8+ Kg7 37. Qe7+ Qf7 38. Qg5+ Qg6 1/2-1/2

[Event "56th Rubinstein Memorial C 2020"]
[Site "Polanica Zdroj"]
[Date "2020.08.20"]
[Round "6.5"]
[White "Bartlomowicz, Jakub"]
[Black "Witkowski, Krzysztof"]
[Result "1/2-1/2"]
[ECO "B33"]
[WhiteElo "1613"]
[BlackElo "1791"]
[Annotator "NA"]
[PlyCount "51"]
[EventDate "2020.08.15"]
[EventType "swiss"]
[EventCountry "POL"]
[SourceTitle "playchess.com"]
[Source "ChessBase"]
[SourceQuality "1"]
[TimeControl "40/5400+30:1800+30"]

1. e4 c5 2. Nf3 Nc6 3. d4 cxd4 4. Nxd4 Nf6 5. Nc3 e5 6. Ndb5 d6 7. Bg5 a6 8. Na3 b5 9. Nd5 Be7 10. Bxf6 Bxf6 11. c4 b4 12. Nc2 O-O 13. Be2 a5 14. O-O Bg5 15. Qd3 f5 16. Bf3 Ra7 17. Rad1 Ne7 18. Nxe7+ Bxe7 19. Ne3 f4 20. Nd5 Bg5 21. b3 Kh8 22. Qe2 Bb7 23. Rd3 Bxd5 24. Rxd5 Qc7 25. Rfd1 Be7 26. Bg4 1/2-1/2

[Event "56th Rubinstein Memorial C 2020"]
[Site "Polanica Zdroj"]
[Date "2020.08.20"]
[Round "6.6"]
[White "Janzer, Hubert"]
[Black "Iwanczuk, Krzysztof"]
[Result "1/2-1/2"]
[ECO "A45"]
[WhiteElo "1893"]
[BlackElo "1929"]
[Annotator "NA"]
[PlyCount "97"]
[EventDate "2020.08.15"]
[EventType "swiss"]
[EventCountry "POL"]
[SourceTitle "playchess.com"]
[Source "ChessBase"]
[SourceQuality "1"]
[TimeControl "40/5400+30:1800+30"]

1. d4 Nf6 2. Bf4 d5 3. e3 c5 4. c3 Nc6 5. Nd2 Bf5 6. Ngf3 Qb6 7. Qb3 c4 8. Qxb6 axb6 9. Be2 e6 10. O-O b5 11. Nh4 Be4 12. f3 Bd3 13. Bxd3 cxd3 14. g4 Be7 15. Ng2 b4 16. c4 O-O 17. g5 Nh5 18. cxd5 exd5 19. h4 Ra6 20. Nb3 Rfa8 21. Rab1 Rxa2 22. Rfd1 Rc8 23. Nc1 Raa8 24. Nxd3 Na5 25. e4 Nxf4 26. Ngxf4 dxe4 27. fxe4 b3 28. Nd5 Bd8 29. Nc5 b6 30. Nd7 Rc2 31. Ne3 f6 32. gxf6 gxf6 33. e5 fxe5 34. Rf1 Bxh4 35. Nxc2 bxc2 36. Rbc1 Rc8 37. Nxb6 Rc6 38. d5 Rxb6 39. Rxc2 Bg5 40. Kg2 Rd6 41. Rc5 Nb3 42. Rc8+ Bd8 43. Rd1 Nd4 44. Re1 Rxd5 45. Rxe5 Rxe5 46. Rxd8+ Kg7 47. Rxd4 Re2+ 48. Kg3 Rxb2 49. Rd6 1/2-1/2

[Event "56th Rubinstein Memorial C 2020"]
[Site "Polanica Zdroj"]
[Date "2020.08.20"]
[Round "6.7"]
[White "Siekanska, Zuzanna"]
[Black "Kawalko, Adam"]
[Result "*"]
[ECO "A61"]
[WhiteElo "1680"]
[BlackElo "1950"]
[Annotator "ChessBase"]
[PlyCount "26"]
[EventDate "2020.08.15"]
[EventType "swiss"]
[EventCountry "POL"]
[SourceTitle "playchess.com"]
[Source "ChessBase"]
[SourceQuality "1"]
[TimeControl "40/5400+30:1800+30"]

1. d4 Nf6 2. c4 e6 3. Nf3 c5 4. d5 exd5 5. cxd5 d6 6. Nc3 g6 7. e4 Bg7 8. h3 O-O 9. Bd3 a6 10. a4 Qc7 11. O-O Nbd7 12. Bf4 Re8 13. Nd2 Ne5 *

[Event "56th Rubinstein Memorial C 2020"]
[Site "Polanica Zdroj"]
[Date "2020.08.20"]
[Round "6.8"]
[White "Barwinska, Ewa"]
[Black "Lewandrowski, Tomasz"]
[Result "*"]
[ECO "C65"]
[WhiteElo "1763"]
[BlackElo "1879"]
[Annotator "NA"]
[PlyCount "23"]
[EventDate "2020.08.15"]
[EventType "swiss"]
[EventCountry "POL"]
[SourceTitle "playchess.com"]
[Source "ChessBase"]
[SourceQuality "1"]
[TimeControl "40/5400+30:1800+30"]

1. e4 e5 2. Nf3 Nc6 3. Bb5 Nf6 4. d3 Bc5 5. Bxc6 dxc6 6. Nbd2 Bg4 7. h3 Bxf3 8. Nxf3 h6 9. Qe2 Qe7 10. Bd2 O-O-O 11. O-O-O Rhe8 12. Be3 *

[Event "56th Rubinstein Memorial C 2020"]
[Site "Polanica Zdroj"]
[Date "2020.08.20"]
[Round "6.9"]
[White "Raclawicki, Kacper"]
[Black "Raczek, Krzysztof"]
[Result "1/2-1/2"]
[ECO "A45"]
[WhiteElo "1879"]
[BlackElo "1712"]
[Annotator "NA"]
[PlyCount "46"]
[EventDate "2020.08.15"]
[EventType "swiss"]
[EventCountry "POL"]
[SourceTitle "playchess.com"]
[Source "ChessBase"]
[SourceQuality "1"]
[TimeControl "40/5400+30:1800+30"]

1. d4 Nf6 2. Bf4 g6 3. Nc3 d5 4. e3 Bg7 5. h4 c6 6. Nf3 Bg4 7. Be2 h5 8. Ne5 Bxe2 9. Qxe2 Nfd7 10. O-O-O Nxe5 11. Bxe5 Bxe5 12. dxe5 Qa5 13. e4 dxe4 14. Qxe4 e6 15. Qf4 Nd7 16. Rxd7 Kxd7 17. Qxf7+ Kc8 18. Qxe6+ Kc7 19. Qd6+ Kb6 20. Rd1 Rad8 21. Nd5+ Ka6 22. Nc7+ Kb6 23. Nd5+ Ka6 1/2-1/2

[Event "56th Rubinstein Memorial C 2020"]
[Site "Polanica Zdroj"]
[Date "2020.08.20"]
[Round "6.10"]
[White "Rudecki, Bartosz"]
[Black "Trusz, Julia"]
[Result "1-0"]
[ECO "B46"]
[WhiteElo "1831"]
[BlackElo "1645"]
[Annotator "NA"]
[PlyCount "53"]
[EventDate "2020.08.15"]
[EventType "swiss"]
[EventCountry "POL"]
[SourceTitle "playchess.com"]
[Source "ChessBase"]
[SourceQuality "1"]
[TimeControl "40/5400+30:1800+30"]

1. e4 c5 2. Nf3 e6 3. d4 cxd4 4. Nxd4 Nc6 5. Nc3 a6 6. g3 Nf6 7. Bg2 Be7 8. O-O O-O 9. a4 Qc7 10. Be3 Rd8 11. Nb3 Na5 12. e5 Ne8 13. Nxa5 Qxa5 14. Qe2 d5 15. exd6 Nxd6 16. Bd2 Qc7 17. Bf4 Bd7 18. Nd5 exd5 19. Qxe7 Nf5 20. Bxc7 Nxe7 21. Bxd8 Rxd8 22. c4 Bg4 23. cxd5 Nxd5 24. Rad1 Be6 25. Rxd5 Rxd5 26. Bxd5 Bxd5 27. Rd1 1-0

[Event "56th Rubinstein Memorial C 2020"]
[Site "Polanica Zdroj"]
[Date "2020.08.20"]
[Round "6.11"]
[White "Lambrecht, Tomasz"]
[Black "Karut, Kacper"]
[Result "*"]
[ECO "E73"]
[WhiteElo "1750"]
[BlackElo "1638"]
[Annotator "NA"]
[PlyCount "21"]
[EventDate "2020.08.15"]
[EventType "swiss"]
[EventCountry "POL"]
[SourceTitle "playchess.com"]
[Source "ChessBase"]
[SourceQuality "1"]
[TimeControl "40/5400+30:1800+30"]

1. d4 Nf6 2. c4 g6 3. Nc3 Bg7 4. e4 d6 5. Be2 O-O 6. Be3 e5 7. d5 a5 8. g4 Na6 9. g5 Ne8 10. h4 f5 11. gxf6 *

[Event "56th Rubinstein Memorial C 2020"]
[Site "Polanica Zdroj"]
[Date "2020.08.20"]
[Round "6.12"]
[White "Kejna, Piotr"]
[Black "Jedrzejko, Martyna"]
[Result "1-0"]
[ECO "A08"]
[WhiteElo "1767"]
[BlackElo "1570"]
[Annotator "NA"]
[PlyCount "121"]
[EventDate "2020.08.15"]
[EventType "swiss"]
[EventCountry "POL"]
[SourceTitle "playchess.com"]
[Source "ChessBase"]
[SourceQuality "1"]
[TimeControl "40/5400+30:1800+30"]

1. Nf3 c5 2. g3 d5 3. Bg2 g6 4. d3 Bg7 5. c3 Nc6 6. O-O e6 7. Nbd2 Nge7 8. e4 O-O 9. a4 Rb8 10. Re1 d4 11. cxd4 Nxd4 12. Nxd4 cxd4 13. Nc4 e5 14. Bd2 Be6 15. b3 Nc6 16. f4 f6 17. Qc2 a5 18. Rab1 b5 19. Na3 Na7 20. Qc5 Rf7 21. Nxb5 Nxb5 22. axb5 Bf8 23. Qc2 Rxb5 24. Qc6 Qd7 25. Qa6 Rxb3 26. Bxa5 Qb7 27. Qxb7 Rfxb7 28. Rxb3 Rxb3 29. fxe5 fxe5 30. Bf1 Bh6 31. Bc7 Be3+ 32. Kh1 Bg4 33. Bxe5 Rxd3 34. Be2 Bxe2 35. Rxe2 Bh6 36. Kg2 Re3 37. Rxe3 Bxe3 38. Kf3 Kf7 39. Ke2 Ke6 40. Bh8 Bg1 41. h3 Kd6 42. Kd3 Kc5 43. Bf6 Be3 44. Be7+ Kb5 45. Bd6 Kc6 46. Bb8 Kc5 47. Ba7+ Kd6 48. Bxd4 Bxd4 49. Kxd4 Ke6 50. e5 h6 51. Ke4 h5 52. h4 Ke7 53. Kd5 Kd7 54. e6+ Ke7 55. Ke5 Ke8 56. Kf6 Kf8 57. e7+ Ke8 58. Ke6 g5 59. hxg5 h4 60. g6 hxg3 61. g7 1-0

[Event "56th Rubinstein Memorial C 2020"]
[Site "Polanica Zdroj"]
[Date "2020.08.20"]
[Round "6.13"]
[White "Plichta, Krzysztof"]
[Black "Grot, Blazej"]
[Result "1-0"]
[ECO "A46"]
[WhiteElo "1605"]
[BlackElo "1768"]
[Annotator "NA"]
[PlyCount "81"]
[EventDate "2020.08.15"]
[EventType "swiss"]
[EventCountry "POL"]
[SourceTitle "playchess.com"]
[Source "ChessBase"]
[SourceQuality "1"]
[TimeControl "40/5400+30:1800+30"]

1. d4 Nf6 2. Nf3 e6 3. Bf4 d5 4. e3 c5 5. c3 Nc6 6. Bd3 Bd6 7. Bg3 O-O 8. Nbd2 Qe7 9. Bh4 e5 10. dxe5 Nxe5 11. Nxe5 Bxe5 12. Qh5 h6 13. Nf3 Bd6 14. Bxf6 Qxf6 15. Qxd5 Rd8 16. Qe4 g6 17. Qh4 Qxh4 18. Nxh4 Be7 19. Nxg6 Rxd3 20. Nxe7+ Kf8 21. Nxc8 Rxc8 22. Rd1 Rxd1+ 23. Kxd1 Ke7 24. Ke2 Rc6 25. Rd1 Ra6 26. a3 Rb6 27. Rd2 Ke6 28. f4 f5 29. Kf3 c4 30. g4 fxg4+ 31. Kxg4 Kf6 32. e4 Rb5 33. f5 a5 34. Kf4 h5 35. e5+ Ke7 36. f6+ Ke6 37. Rd6+ Kf7 38. Rd7+ Ke8 39. e6 Rb6 40. f7+ Kf8 41. Rd8+ 1-0

[Event "56th Rubinstein Memorial C 2020"]
[Site "Polanica Zdroj"]
[Date "2020.08.20"]
[Round "6.14"]
[White "Szopa, Emilia"]
[Black "Zalega, Maciej"]
[Result "1-0"]
[ECO "B56"]
[WhiteElo "1628"]
[BlackElo "1743"]
[Annotator "NA"]
[PlyCount "67"]
[EventDate "2020.08.15"]
[EventType "swiss"]
[EventCountry "POL"]
[SourceTitle "playchess.com"]
[Source "ChessBase"]
[SourceQuality "1"]
[TimeControl "40/5400+30:1800+30"]

1. e4 c5 2. Nf3 d6 3. d4 cxd4 4. Nxd4 Nf6 5. Nc3 Nc6 6. f3 e5 7. Nb3 Be7 8. Be3 O-O 9. Be2 a5 10. O-O a4 11. Nd2 a3 12. b3 Qa5 13. Na4 b5 14. Nb6 Rb8 15. Nxc8 Rbxc8 16. c4 Nb4 17. Bf2 Rfd8 18. cxb5 d5 19. exd5 Rxd5 20. Bc4 Rd7 21. Qe2 Nc2 22. Rad1 Nb4 23. Qxe5 Nxa2 24. Ne4 Rcd8 25. Rxd7 Rxd7 26. Nxf6+ gxf6 27. Qh5 Qd8 28. Qxf7+ Kh8 29. Re1 Nc3 30. Rxe7 Rd1+ 31. Be1 Ne2+ 32. Rxe2 a2 33. Re8+ Qxe8 34. Qxf6# 1-0

[Event "56th Rubinstein Memorial C 2020"]
[Site "Polanica Zdroj"]
[Date "2020.08.20"]
[Round "6.15"]
[White "Ciechonski, Piotr"]
[Black "Kolodziejski, Grzegorz"]
[Result "1/2-1/2"]
[ECO "B23"]
[WhiteElo "1774"]
[BlackElo "1550"]
[Annotator "NA"]
[PlyCount "98"]
[EventDate "2020.08.15"]
[EventType "swiss"]
[EventCountry "POL"]
[SourceTitle "playchess.com"]
[Source "ChessBase"]
[SourceQuality "1"]
[TimeControl "40/5400+30:1800+30"]

1. e4 c5 2. Nc3 Nc6 3. f4 g6 4. Nf3 Bg7 5. Bc4 e6 6. d3 Nge7 7. f5 exf5 8. O-O O-O 9. Bg5 fxe4 10. dxe4 h6 11. Bh4 d6 12. Nb5 a6 13. Nxd6 Be6 14. c3 Bxc4 15. Nxc4 b5 16. Ne3 Qb6 17. Qc2 c4 18. Bf2 Qb7 19. Rad1 Rad8 20. Nd5 Nxd5 21. exd5 Ne7 22. Bc5 Rfe8 23. d6 Nf5 24. Rfe1 Rxe1+ 25. Nxe1 Qc6 26. Qf2 Nxd6 27. Nf3 Nb7 28. Rxd8+ Nxd8 29. Bd4 Ne6 30. Bxg7 Nxg7 31. Qa7 Nf5 32. Qxf7+ Kxf7 33. Ne5+ Ke6 34. Nxc6 Kd6 35. Nb4 a5 36. Nc2 Kc5 37. Kf2 b4 38. g4 Nd6 39. cxb4+ axb4 40. Ke3 Nb5 41. Ke4 b3 42. axb3 cxb3 43. Ne3 Nd4 44. Nd5 Nf3 45. Kxf3 Kxd5 46. Ke3 h5 47. gxh5 gxh5 48. Kd3 h4 49. h3 Ke5 1/2-1/2

[Event "56th Rubinstein Memorial C 2020"]
[Site "Polanica Zdroj"]
[Date "2020.08.21"]
[Round "7.6"]
[White "Plichta, Krzysztof"]
[Black "Janzer, Hubert"]
[Result "0-1"]
[ECO "C00"]
[WhiteElo "1605"]
[BlackElo "1893"]
[Annotator "NA RC"]
[PlyCount "60"]
[EventDate "2020.08.15"]
[EventType "swiss"]
[EventCountry "POL"]
[SourceTitle "playchess.com"]
[Source "ChessBase"]
[SourceQuality "1"]
[TimeControl "40/5400+30:1800+30"]

1. e4 e6 2. Qe2 Be7 3. g3 d5 4. d3 c5 5. Bg2 Nc6 6. Nf3 {C00: French: Unusual White 2nd moves.} b6 7. b3 Bb7 8. Bb2 Nf6 9. O-O O-O 10. Nbd2 {[#]} a5 $146 ({Predecessor:} 10... Qc7 11. e5 Nd7 12. c4 d4 13. Rfe1 Rae8 14. a3 a5 15. Bc1 Ba8 16. Ne4 Ndxe5 17. Nxe5 Nxe5 {½-½ (35) Kovalevskaya,E (2466)-Halkias,S (2533) Moscow 2005}) 11. a4 Ra7 12. h4 Nb4 13. Rac1 Ba6 14. Nh2 dxe4 15. Nxe4 Nxe4 16. Bxe4 Bf6 17. Qh5 g6 18. Bxf6 Qxf6 19. Ng4 Qg7 20. Qe5 {[#]} f5 $1 {Double Attack} 21. Qxe6+ Kh8 22. Qxb6 (22. Bg2 {was necessary.} fxg4 23. Qxb6) 22... fxe4 23. dxe4 $19 Bxf1 24. Kxf1 Re7 25. Qxc5 Rxe4 26. Re1 Rxg4 27. Re7 Qf6 28. Qa7 Nc6 29. Rxh7+ Kg8 30. h5 Nxa7 0-1

[Event "56th Rubinstein Memorial C 2020"]
[Site "Polanica Zdroj"]
[Date "2020.08.21"]
[Round "7.7"]
[White "Lewandrowski, Tomasz"]
[Black "Kejna, Piotr"]
[Result "1-0"]
[ECO "A49"]
[WhiteElo "1879"]
[BlackElo "1767"]
[Annotator "NA RC"]
[PlyCount "91"]
[EventDate "2020.08.15"]
[EventType "swiss"]
[EventCountry "POL"]
[SourceTitle "playchess.com"]
[Source "ChessBase"]
[SourceQuality "1"]
[TimeControl "40/5400+30:1800+30"]

1. d4 Nf6 2. Nf3 g6 3. g3 Bg7 4. Bg2 d6 5. O-O O-O 6. c4 c6 7. Nc3 Nbd7 8. e4 c5 9. d5 Ng4 10. Qe2 {[%emt 0:06:01] E67: King's Indian: Fianchetto: 6...Nbd7.} Nge5 11. Nd2 Nb6 12. h3 {[%emt 0:00:25] [#]} e6 $146 ({Predecessor:} 12... Bd7 13. f4 Nexc4 14. Nxc4 Bxc3 15. bxc3 Bb5 16. Rd1 Bxc4 17. Qf2 Na4 18. Qc2 b5 {1-0 (55) Severcan,S (1842)-Kiziltas,Y (1898) Konya 2016}) 13. a4 (13. f4 $16) 13... exd5 14. cxd5 a5 ({Better is} 14... f5 $14) 15. f4 Ned7 16. Nb5 Qe7 17. Re1 Nf6 18. Nc4 Nxc4 19. Qxc4 Nd7 20. Qc2 Nb6 21. Bd2 Bd7 22. Bc3 Bxb5 23. axb5 a4 24. Bxg7 Kxg7 25. Qc3+ Kg8 26. e5 Qd7 27. e6 Qxb5 28. e7 ({Better is} 28. f5 $1 $14) 28... Rfe8 29. f5 Qc4 30. Qd2 Nd7 31. Bf1 Qb3 32. Re3 Qb6 33. fxg6 hxg6 {[%emt 0:00:37] [#]} 34. Rae1 $2 (34. Bc4 $1 $16 {is necessary to keep the advantage.}) 34... c4 35. Kh1 Qc5 36. Bg2 Ra6 $2 (36... a3 $15 {stays ahead.} 37. bxa3 Rxa3) 37. Re4 Nf6 38. Rh4 Qa5 39. Qd1 Qc7 40. Qd4 Nh5 41. Rxh5 gxh5 42. Qf6 $18 c3 43. Qg5+ Kh8 44. Qxh5+ Kg7 45. Qg5+ Kh8 46. Re4 1-0